 Dungeon Crawl Stone Soup version 0.22-a0-367-gb72a975 (webtiles) character file.

234 mortelune the Skirmisher (level 5, -6/42 HPs)
             Began as a Demonspawn Abyssal Knight on Apr 22, 2018.
             Was a Believer of Lugonu.
             Mangled by Pikel
             ... wielding a +2 whip of electrocution
              (17 damage)
             ... on level 5 of the Dungeon.
             The game lasted 00:11:19 (4693 turns).

mortelune the Skirmisher (DsAK)                     Turns: 4693, Time: 00:11:20

Health: -6/42      AC:  6    Str: 14    XL:     5   Next: 75%
Magic:  6/6        EV: 12    Int: 13    God:    Lugonu [**....]
Gold:   300        SH:  5    Dex: 17    Spells: 4/4 levels left

rFire    + . .     SeeInvis .   a - +1 falchion
rCold    . . .     Gourm    .   (no shield)
rNeg     + . .     Faith    .   x - +1 ring mail {rF+}
rPois    .         Spirit   .   (helmet restricted)
rElec    .         Reflect  +   (no cloak)
rCorr    .         Harm     .   (no gloves)
MR       .....                  (no boots)
Stlth    +.........             n - +5 amulet of reflection
HPRegen  0.14/turn              q - +5 ring of dexterity
MPRegen  0.10/turn              t - ring of positive energy

@: no status effects
A: horns 1, rot immunity
a: Depart the Abyss, Bend Space, Renounce Religion


You were on level 5 of the Dungeon.
You worshipped Lugonu.
Lugonu was pleased with you.
You were not hungry.

You visited 1 branch of the dungeon, and saw 5 of its levels.
You visited the Abyss 1 time.

You collected 300 gold pieces.

Inventory:

Hand Weapons
 a - a +1 falchion (weapon)
Missiles
 l - 5 javelins (quivered)
Armour
 b - a +0 leather armour
 w - a +0 scale mail
 x - a +1 ring mail of fire resistance (worn)
Jewellery
 m - an uncursed ring of resist corrosion
 n - a +5 amulet of reflection (around neck)
 q - a +5 ring of dexterity (left hand)
 t - a ring of positive energy (right hand)
 u - an uncursed ring of ice
Wands
 v - a wand of flame (21)
 A - a wand of polymorph (7)
Scrolls
 e - a scroll of immolation {unknown}
 f - a scroll of remove curse
 g - a scroll of enchant weapon {unknown}
 h - a scroll of enchant armour {unknown}
 o - a scroll of fog
 p - a scroll of identify {unknown}
 r - a scroll of fear {unknown}
 s - a scroll of teleportation {unknown}
 y - a scroll of noise {unknown}
Potions
 d - a potion of heal wounds {unknown}
 i - 3 potions of agility
 j - a potion of lignification {unknown}
 k - a potion of degeneration {unknown}
Comestibles
 c - 5 rations


   Skills:
 + Level 4.1 Fighting
 * Level 4.1 Long Blades
 + Level 1.8 Armour
 - Level 2.5 Dodging
 - Level 2.4 Invocations


You had 4 spell levels left.
You didn't know any spells.

Dungeon Overview and Level Annotations

Branches:
Dungeon (5/15)
 Temple: D:4-7

Altars:
Dithmenos
Hepliaklqana
Qazlal
Uskayaw

Annotations:
D:3 Grinder
D:4 khargal's ghost, amateur GrMo
D:5 Pikel


Innate Abilities, Weirdness & Mutations

You have a pair of small horns on your head.
You are immune to rotting.


Message History

Pikel is heavily wounded.
You hit Pikel but do no damage.
Pikel is heavily wounded.
Pikel barely misses you.
You hit Pikel. You headbutt Pikel, but do no damage.
Pikel is heavily wounded.
Pikel hits you with a whip of electrocution!
You hit Pikel but do no damage.
Pikel is heavily wounded.
Pikel barely misses you.
You riposte.
You barely miss Pikel.
Pikel is heavily wounded.
You closely miss Pikel.
Pikel is heavily wounded.
Pikel hits you with a whip of electrocution.
You completely miss Pikel.
Pikel is heavily wounded.
Pikel hits you with a whip of electrocution.
* * * LOW HITPOINT WARNING * * *
You are electrocuted!
You die...

..... ##...
.....#
###..#. ....#
##<..###
#..##
###..###
#..## ##...##
##.p##
##..###
##pp##
###..##
###K####..###
##@.#..##
##..### #.##
#.# #.# #.#
#.# #.# #.#


You could see Pikel and 3 slaves.

Vanquished Creatures
  A slave (D:5)
  A centaur zombie (D:3)
  An orc wizard (D:3)
  A hound skeleton (D:4)
  3 gnolls
  3 adders
  An ooze (D:4)
  An adder skeleton (D:4)
  5 worms
  2 dart slugs (D:1)
  3 leopard geckos
  5 orcs
  4 bats
  6 giant cockroaches
  7 goblins
  7 hobgoblins
  7 frilled lizards
  8 kobolds
  A quokka skeleton (D:4)
  16 rats
83 creatures vanquished.

Notes
Turn   | Place    | Note
-------+----------+-------------------------------------------
     0 | Abyss:1  | mortelune the Demonspawn Abyssal Knight began the quest for the Orb.
     0 | Abyss:1  | Reached XP level 1. HP: 18/18 MP: 2/2
    45 | Abyss:1  | Noticed a hellwing
    46 | D:1      | Escaped the Abyss
    64 | D:1      | Reached skill level 1 in Dodging
    74 | D:1      | Reached * piety under Lugonu
   144 | D:1      | Gained mutation: You are immune to rotting. [demonic ancestry]
   144 | D:1      | Reached XP level 2. HP: 19/24 MP: 3/3
  1001 | D:1      | Reached XP level 3. HP: 25/29 MP: 4/4
  1306 | D:2      | Reached ** piety under Lugonu
  1398 | D:2      | HP: 1/29 [worm (10)]
  1436 | D:2      | HP: 1/29 [goblin/mace (4)]
  2372 | D:3      | Found a hazy altar of Hepliaklqana.
  2437 | D:3      | Gained mutation: You have a pair of small horns on your head. [demonic ancestry]
  2437 | D:3      | Reached XP level 4. HP: 32/35 MP: 5/5
  2950 | D:3      | Reached XP level 5. HP: 31/42 MP: 6/6
  3374 | D:3      | Noticed Grinder
  3433 | D:3      | Found a hide-covered altar of Uskayaw.
  3557 | D:4      | Found a stormy altar of Qazlal.
  4337 | D:4      | Noticed khargal's ghost (amateur GrMo)
  4369 | D:5      | Entered Level 5 of the Dungeon
  4387 | D:5      | Noticed a slave
  4402 | D:5      | Found a shadowy altar of Dithmenos.
  4444 | D:5      | Killed a slave
  4667 | D:5      | Noticed Pikel
  4667 | D:5      | Noticed a slave
  4670 | D:5      | Noticed a slave
  4678 | D:5      | Noticed a slave
  4693 | D:5      | Mangled by Pikel

Vault maps used:
D:1:      minmay_arrival_stone_box, dk_noncrumbling_3, minmay_misc_feat_pillars
D:3:      lemuel_doored_altar, eat_drink_and_be_merry_uskayaw, first_ration,
          grunt_decor_fettered, uniq_grinder
D:4:      nicolae_qazlal_general_emergency
D:5:      kiku_gazebo_pond_becter, nicolae_dithmenos_shadow_blocks, uniq_pikel,
          uniq_edmund

Skill      XL: |  1  2  3  4  5 |
---------------+----------------+-----
Dodging        | 1 2 |  2.5
Long Blades    | 2 3 4 |  4.1
Fighting       | 4 |  4.1
Armour         | |  1.8
Invocations    | |  2.4

Action                   |  1- 3 |  4- 6 || total
-------------------------+-------+-------++-------
Melee: Falchion          |   143 |   135 ||   278
       Headbutt          |       |    48 ||    48
Throw: Javelin           |     1 |       ||     1
Invok: Depart the Abyss  |     1 |       ||     1
Evoke: Wand              |       |     1 ||     1
  Use: Scroll            |     3 |       ||     3
       Potion            |     1 |       ||     1
  Eat: Chunk             |     5 |     7 ||    12
Armor: Leather armour    |    31 |    21 ||    52
       Ring mail         |       |     6 ||     6
       Scale mail        |       |     6 ||     6
Dodge: Dodged            |    78 |    72 ||   150
Block: Other             |     7 |    41 ||    48
       Rpst.: Falchion   |    28 |    22 ||    50

Table legend:
 A = Spawn XP
 B = Non-spawn XP
 C = Spawn XP percentage of total XP
 D = Spawn monster count
 E = Non-spawn monster count
 F = Spawn count percentage of total count
 G = Total turns spent on level
                    A         B        C        D         E        F      G
               +---------+---------+-------+---------+---------+-------+---------
         Total |       0 |     335 |   0.0 |       0 |      82 |   0.0 |  4693
               +---------+---------+-------+---------+---------+-------+---------
           D:1 |       0 |      43 |   0.0 |       0 |      25 |   0.0 |  1455
           D:2 |       0 |      49 |   0.0 |       0 |      23 |   0.0 |   840
           D:3 |       0 |     175 |   0.0 |       0 |      24 |   0.0 |  1539
           D:4 |       0 |      65 |   0.0 |       0 |       9 |   0.0 |   489
           D:5 |       0 |       3 |   0.0 |       0 |       1 |   0.0 |   324
               +---------+---------+-------+---------+---------+-------+---------
